 Dungeon Crawl Stone Soup version 0.22-a0-32-ga749362bc3 (webtiles) character file.

1018 Kaname the Destroyer (level 8, 39/52 HPs)
             Began as a Demonspawn Wizard on Jan 3, 2018.
             Was a Follower of Vehumet.
             Quit the game on level 5 of the Dungeon.
             The game lasted 00:16:02 (3932 turns).

Kaname the Destroyer (Demonspawn Wizard)            Turns: 3932, Time: 00:16:03

Health: 39/52      AC:  6    Str:  8    XL:     8   Next: 2%
Magic:  10/14      EV: 12    Int: 21    God:    Vehumet [*.....]
Gold:   238        SH:  0    Dex: 12    Spells: 6/15 levels left

rFire    . . .     SeeInvis .   q - +3 whip (elec)
rCold    . . .     Gourm    .   (no shield)
rNeg     . . .     Faith    .   a - +0 robe
rPois    .         Spirit   .   b - +0 hat
rElec    .         Reflect  .   l - +0 cloak
rCorr    .         Harm     .   (no gloves)
MR       .....                  i - +0 pair of boots
Stlth    ++........             f - amulet of magic regeneration
HPRegen  0.17/turn              (no ring)
MPRegen  0.39/turn              (no ring)

@: no status effects
A: talons 1, thin metallic scales 1, rot immunity
a: Renounce Religion


You were on level 5 of the Dungeon.
You worshipped Vehumet.
Vehumet was aware of your devotion.
You were not hungry.

You visited 2 branches of the dungeon, and saw 6 of its levels.

You collected 238 gold pieces.

Inventory:

Hand Weapons
 q - a +3 whip of electrocution (weapon)
 t - a +1 short sword of venom
 v - a +4 quarterstaff of chaos
Armour
 a - a +0 robe (worn)
 b - a +0 hat (worn)
 i - a +0 pair of boots (worn)
 l - a +0 cloak (worn)
Jewellery
 f - an amulet of magic regeneration (around neck)
Wands
 c - a wand of random effects (61)
Scrolls
 g - 6 scrolls of teleportation
 h - a scroll of immolation {unknown}
 k - 3 scrolls of remove curse
 m - 3 scrolls of enchant weapon
 n - 2 scrolls of enchant armour
 o - 2 scrolls of fog {unknown}
 p - 2 scrolls of amnesia {unknown}
 r - 2 scrolls of magic mapping {unknown}
Potions
 e - a potion of heal wounds {unknown}
 j - a potion of brilliance {unknown}
 s - 2 potions of curing
 u - 2 potions of agility {unknown}
 w - a potion of degeneration {unknown}
 x - a potion of might {unknown}
Books
 y - a book of Misfortune

   Spells                             Type                      Level
   a - Confusing Touch                Hexes                        1
   b - Confuse                        Hexes                        3
   c - Gell's Gravitas                Translocation                3
   d - Petrify                        Transmutation/Earth          4
   e - Metabolic Englaciation         Hexes/Ice                    5
   f - Yara's Violent Unravelling     Hexes/Transmutation          5
Comestibles
 d - 9 rations
 z - 3 chunks of flesh


   Skills:
 - Level 1.7 Dodging
 - Level 1.7 Stealth
 - Level 4.0 Spellcasting
 - Level 8.0 Conjurations
   Level 1.0 Summonings
 - Level 1.0 Translocations
 - Level 1.1 Fire Magic
 - Level 1.1 Air Magic
 + Level 2.4 Poison Magic


You had 6 spell levels left.
You knew the following spells:

 Your Spells              Type           Power        Failure   Level  Hunger
a - Magic Dart            Conj           ####         1%          1    None
b - Blink                 Tloc           N/A          12%         2    #......
c - Mephitic Cloud        Conj/Pois/Air  ###.....     8%          3    ###....
d - Conjure Flame         Conj/Fire      ###.....     5%          3    ###....


Dungeon Overview and Level Annotations

Branches:
Dungeon (5/15)             Temple (1/1) D:4

Altars:
Ashenzari
Cheibriados
Hepliaklqana
Qazlal
Ru
Vehumet
Xom
The Shining One


Innate Abilities, Weirdness & Mutations

You have sharp toenails.
You are partially covered in thin metallic scales. (AC +2)
You are immune to rotting.


Message History

The jelly is severely wounded.
Casting: Magic Dart
Confirm with . or Enter, or press ? or * to list all spells.
Aiming: Magic Dart
Press: ? - help, Shift-Dir - straight line, f/p - jelly
Aim: a jelly (severely wounded)
The magic dart hits the jelly.
The jelly is almost dead.
Casting: Magic Dart
Confirm with . or Enter, or press ? or * to list all spells.
Aiming: Magic Dart
Press: ? - help, Shift-Dir - straight line, f/p - jelly
Aim: a jelly (almost dead)
The magic dart hits the jelly.
You kill the jelly!
Vehumet accepts your kill.
You have reached level 8!
You feel agile.
Your demonic ancestry asserts itself...
Thin metallic scales grow over part of your body.
Are you sure you want to abandon this character and quit the game? (Confirm with "yes".)

#.....#........
#.............#
#.....).......#
#..............
#.............#
#......?......#
#..............
#......@......# ...
#######.###.### ##..
#..........# #.#...
#............ ......
#######............# #.....
#.....#............. ......
#.....#............# ......
#...........................
#.....#.....................


There were no monsters in sight!

Vanquished Creatures
  Edmund (D:4)
  2 phantoms (D:4)
  The ghost of heintsi the Sneak, an amateur SpEn of Gozag (D:3)
  A gnoll sergeant (D:5)
  A crimson imp (D:5)
  A hound (D:4)
  A jelly (D:5)
  Crazy Yiuf (D:4)
  A gnoll shaman (D:4)
  An orc wizard (D:5)
  Jessica (D:2)
  Ijyb (D:4)
  4 worker ants
  A hound skeleton (D:5)
  8 gnolls
  6 adders
  A shadow imp (D:5)
  An ooze (D:4)
  An adder skeleton (D:5)
  5 worms
  4 dart slugs
  4 leopard geckos
  7 orcs
  4 giant cockroaches
  6 goblins
  6 hobgoblins
  14 jackals
  A quokka (D:5)
  3 ball pythons
  8 bats
  7 frilled lizards
  A jackal skeleton (D:4)
  8 kobolds
  8 rats
121 creatures vanquished.

Notes
Turn   | Place    | Note
-------+----------+-------------------------------------------
     0 | D:1      | Kaname the Demonspawn Wizard began the quest for the Orb.
     0 | D:1      | Reached XP level 1. HP: 13/13 MP: 4/4
   139 | D:1      | Found a shattered altar of Ashenzari.
   222 | D:1      | Reached skill level 2 in Conjurations
   238 | D:1      | Gained mutation: You are immune to rotting. [demonic ancestry]
   238 | D:1      | Reached XP level 2. HP: 18/19 MP: 0/6
   295 | D:1      | Learned a level 2 spell: Blink
  1259 | D:2      | Reached skill level 3 in Conjurations
  1282 | D:2      | Reached XP level 3. HP: 24/24 MP: 1/7
  1300 | D:2      | Learned a level 3 spell: Mephitic Cloud
  1558 | D:2      | Noticed Jessica
  1608 | D:2      | Reached XP level 4. HP: 30/30 MP: 3/8
  1620 | D:2      | Learned a level 3 spell: Conjure Flame
  1683 | D:2      | Reached skill level 4 in Conjurations
  1889 | D:2      | Killed Jessica
  1889 | D:2      | Reached skill level 1 in Poison Magic
  2181 | D:3      | Reached skill level 1 in Translocations
  2316 | D:3      | Noticed heintsi's ghost (amateur SpEn)
  2343 | D:3      | Killed heintsi's ghost
  2343 | D:3      | Reached XP level 5. HP: 35/35 MP: 2/9
  2469 | D:3      | Reached skill level 5 in Conjurations
  2755 | D:4      | Noticed Ijyb
  2771 | D:4      | Killed Ijyb
  2771 | D:4      | Gained mutation: You have sharp toenails. [demonic ancestry]
  2771 | D:4      | Reached XP level 6. HP: 39/41 MP: 10/10
  2872 | D:4      | Noticed Edmund
  2898 | D:4      | Killed Edmund
  2898 | D:4      | Reached skill level 6 in Conjurations
  3106 | D:4      | Found a runed door.
  3212 | D:4      | Noticed Crazy Yiuf
  3218 | D:4      | Killed Crazy Yiuf
  3218 | D:4      | Reached skill level 7 in Conjurations
  3218 | D:4      | Reached XP level 7. HP: 46/46 MP: 3/11
  3262 | D:4      | Found a staircase to the Ecumenical Temple.
  3273 | Temple   | Entered the Ecumenical Temple
  3307 | Temple   | Became a worshipper of Vehumet
  3475 | D:4      | Reached skill level 1 in Fire Magic
  3475 | D:4      | Reached skill level 1 in Air Magic
  3616 | D:5      | Entered Level 5 of the Dungeon
  3707 | D:5      | Reached * piety under Vehumet
  3707 | D:5      | Offered knowledge of Shock by Vehumet.
  3840 | D:5      | Reached skill level 8 in Conjurations
  3889 | D:5      | Found a glowing golden altar of the Shining One.
  3931 | D:5      | Gained mutation: You are partially covered in thin metallic scales. (AC +2) [demonic ancestry]
  3931 | D:5      | Reached XP level 8. HP: 39/52 MP: 10/14
  3932 | D:5      | Quit the game

Vault maps used:
D:1:      dpeg_arrival_radiant, serial_forest, infiniplex_forest_lined_3,
          infiniplex_forest_lined_2, infiniplex_forest_corner_1,
          infiniplex_forest_3_way, infiniplex_forest_clump_diagonal,
          ashenzari_altar_1
D:2:      minmay_parallelograms, uniq_jessica, uniq_robin
D:4:      temple_green, kennysheep_small_circle, uniq_ijyb, uniq_edmund,
          uniq_crazy_yiuf_cottage
D:5:      lemuel_round_altar, first_ration, nicolae_tso_swordbearing_angel,
          uniq_blork_the_orc
Temple:   roderic_octagonal_lattice_temple

Skill      XL: |  1  2  3  4  5  6  7 |
---------------+----------------------+-----
Conjurations   | 2 3 4 5 7 8 |  8.0
Poison Magic   | 2 |  2.4
Translocations | 1 |  1.0
Fire Magic     | 1 |  1.1
Air Magic      | 1 |  1.1
Spellcasting   | 4 |  4.0
Dodging        | |  1.7
Stealth        | |  1.7
Summonings     | |  1.0

Action                   |  1- 3 |  4- 6 |  7- 9 || total
-------------------------+-------+-------+-------++-------
Melee: Unarmed           |    17 |       |       ||    17
       Spear             |    35 |    15 |       ||    50
       Whip              |       |    58 |    54 ||   112
 Cast: Magic Dart        |    80 |    99 |   101 ||   280
       Conjure Flame     |       |     1 |       ||     1
       Mephitic Cloud    |       |     4 |     2 ||     6
       Blink             |       |     3 |       ||     3
  Use: Scroll            |       |     5 |       ||     5
       Potion            |       |       |     1 ||     1
 Stab: Sleeping          |       |     3 |     1 ||     4
       Confused          |       |     2 |       ||     2
  Eat: Chunk             |     2 |     6 |     2 ||    10
Armor: Robe              |    13 |    14 |    14 ||    41
Dodge: Dodged            |    50 |    34 |    64 ||   148

Table legend:
 A = Spawn XP
 B = Non-spawn XP
 C = Spawn XP percentage of total XP
 D = Spawn monster count
 E = Non-spawn monster count
 F = Spawn count percentage of total count
 G = Total turns spent on level
                    A         B        C        D         E        F      G
               +---------+---------+-------+---------+---------+-------+---------
         Total |       0 |    1455 |   0.0 |       0 |     121 |   0.0 |  3932
               +---------+---------+-------+---------+---------+-------+---------
           D:1 |       0 |      38 |   0.0 |       0 |      21 |   0.0 |  1283
           D:2 |       0 |     129 |   0.0 |       0 |      34 |   0.0 |   886
           D:3 |       0 |     124 |   0.0 |       0 |      17 |   0.0 |   421
           D:4 |       0 |     761 |   0.0 |       0 |      20 |   0.0 |   970
           D:5 |       0 |     403 |   0.0 |       0 |      29 |   0.0 |   316
               +---------+---------+-------+---------+---------+-------+---------
